AoeStats
← Dleit Khaa

Black Forest

506559936Analyzed
2v2 RM · 16d ago on Sep 14, 2026· 42m 43s· 4 players
Game mode
Random Map
Map size
Medium (4 player)
Population
200
Speed
Normal
Resources
Standard
Victory
Conquest
Starting age
Dark Age
Ending age
Imperial Age
RankedLock teamsTeams togetherTeam positionsShared explorationLock speedFull tech treeHidden civsTurbo modeCheats
Victory
Defeat
🇨🇱 Mongols · Chile
1174
+15
🇨🇱 Italians · Chile
1153
+15
🇺🇸 Romans · United States
1147
-15
🇺🇸 Celts · United States
1147
-15
Dleit Khaa
3:16 Loom
10:44 Feudal Age
11:02 Man-at-Arms
12:38 Double-Bit Axe
12:44 Horse Collar
13:40 Forging
22:10 Castle Age
20:49 Scale Mail Armor
20:57 Fletching
21:09 Padded Archer Armor
22:16 Elite Skirmisher
23:43 Wheelbarrow
23:58 Bow Saw
23:48 Bodkin Arrow
24:58 Stone Mining
24:34 Long Swordsman
29:04 Leather Archer Armor
28:54 Squires
29:49 Chain Mail Armor
30:10 Iron Casting
32:03 Town Watch
32:37 Hand Cart
33:35 Fortified Wall
38:01 Imperial Age
37:36 Caravan
Sir Luke
5:20 Loom
10:55 Feudal Age
12:23 Double-Bit Axe
12:41 Horse Collar
15:42 Gold Mining
16:02 Stone Mining
18:38 Castle Age
17:20 Stone Mining
17:44 Forging
17:35 Scale Mail Armor
19:19 Wheelbarrow
19:42 Heavy Plow
23:33 Bow Saw
25:22 Gold Shaft Mining
25:34 Stone Shaft Mining
26:35 Gold Shaft Mining
28:31 Iron Casting
29:05 Chain Mail Armor
30:49 Hand Cart
30:22 Town Watch
30:44 Caravan
36:33 Imperial Age
34:38 Murder Holes
34:53 Masonry
34:25 Treadmill Crane
34:39 Fletching
34:50 Padded Archer Armor
34:55 Scale Barding Armor
35:31 Stronghold
35:29 Arson
36:14 Town Patrol
38:22 Blast Furnace
37:05 Capped Ram
38:33 Conscription
38:43 Elite Woad Raider
40:51 Plate Mail Armor
Definitive Infusion
0:56 Loom
12:18 Feudal Age
16:32 Castle Age
14:45 Double-Bit Axe
16:25 Horse Collar
18:56 Bow Saw
19:27 Heavy Plow
19:33 Heavy Plow
19:29 Town Watch
21:27 Gold Mining
23:56 Caravan
24:50 Silk Road
27:07 Wheelbarrow
28:36 Hand Cart
31:28 Imperial Age
30:05 Padded Archer Armor
31:19 Leather Archer Armor
33:42 Chemistry
33:03 Conscription
32:54 Pirotechnia
33:17 Ring Archer Armor
34:24 Two-Man Saw
33:57 Crop Rotation
39:17 Fletching
39:56 Bodkin Arrow
40:39 Bracer
Lockepu
7:25 Loom
12:20 Feudal Age
16:15 Castle Age
15:27 Double-Bit Axe
15:34 Gold Mining
15:26 Horse Collar
17:06 Stone Mining
27:21 Wheelbarrow
26:32 Town Watch
27:35 Fletching
27:46 Padded Archer Armor
28:46 Bodkin Arrow
29:27 Bow Saw
32:30 Imperial Age
30:34 Fortified Wall
31:23 Caravan
33:36 Conscription
32:45 Capped Ram
33:35 Squires
33:43 Bracer
34:35 Arson
34:53 Scale Mail Armor
35:04 Forging
35:56 Gold Shaft Mining
36:01 Stone Shaft Mining
35:43 Hand Cart
35:29 Town Patrol
37:09 Iron Casting
36:52 Chain Mail Armor
36:53 Leather Archer Armor
37:14 Drill
39:02 Plate Mail Armor
39:34 Blast Furnace
39:15 Siege Ram
40:21 Ballistics
40:42 Siege Engineers
42:52 Husbandry
43:02 Bloodlines
43:05 Scale Barding Armor
Connection lost

Rejoining the realm…

Still unreachable

The connection could not be restored.

Session expired

The server has moved on; the page needs a fresh start.